 Dungeon Crawl Stone Soup version 0.25.0-26-g0c896c7088 (webtiles) character file.

Game seed: 9517914606473755017

1688 wullow the Skirmisher (level 8, 0/62 HPs)
             Began as a Demonspawn Wizard on July 1, 2020.
             Slain by an ogre
             ... wielding a +0 giant spiked club
              (30 damage)
             ... on level 6 of the Dungeon.
             The game lasted 00:39:20 (9624 turns).

wullow the Skirmisher (Demonspawn Wizard)           Turns: 9624, Time: 00:39:21

Health: 0/62       AC:  7    Str:  8    XL:     8   Next: 71%
Magic:  8/15       EV: 16    Int: 22    God:
Gold:   325        SH:  0    Dex: 11    Spells: 1/17 levels left

rFire    . . .     SeeInvis .   h - +0 dagger
rCold    . . .     Gourm    .   (no shield)
rNeg     . . .     Faith    .   a - +0 robe
rPois    .         Spirit   .   b - +0 hat
rElec    .         Reflect  .   C - +1 cloak {Stlth+}
rCorr    .         Harm     .   (no gloves)
MR       .....                  J - +2 pair of boots
Stlth    ++........             y - amulet of the acrobat
HPRegen  0.20/turn              B - +4 ring of evasion
MPRegen  0.14/turn              D - ring of wizardry

@: lightly drained
A: claws 1, talons 1, spiny 1
a: no special abilities


You were on level 6 of the Dungeon.
You were not hungry.

You visited 1 branch of the dungeon, and saw 7 of its levels.
You also visited: Sewer.

You collected 325 gold pieces.

Inventory:

Hand Weapons
 h - a +0 dagger (weapon)
 r - a +1 vampiric short sword
 G - a +4 vampiric trident
Missiles
 c - a throwing net
 e - 297 stones (quivered)
 j - 69 poisoned darts
 t - 153 arrows
 v - 2 javelins
Armour
 a - a +0 robe (worn)
 b - a +0 hat (worn)
 C - a +1 cloak of stealth (worn)
 J - a +2 pair of boots (worn)
Jewellery
 n - an uncursed ring of ice
 o - an uncursed ring of positive energy
 y - an amulet of the acrobat (around neck)
 B - a +4 ring of evasion (left claw)
 D - a ring of wizardry (right claw)
Scrolls
 g - 3 scrolls of magic mapping {unknown}
 i - 5 scrolls of teleportation
 m - 2 scrolls of immolation
 u - a scroll of blinking {unknown}
 A - 2 scrolls of fear {unknown}
 E - 2 scrolls of enchant armour {unknown}
 F - 3 scrolls of remove curse
 H - a scroll of noise {unknown}
 L - a scroll of identify
Potions
 f - 4 potions of curing
 k - 2 potions of invisibility
 l - a potion of might
 p - a potion of magic
 q - a potion of brilliance
 s - a potion of resistance
 w - a potion of flight
 x - 2 potions of heal wounds {unknown}
 z - a potion of haste {unknown}
 I - a potion of berserk rage {unknown}
Comestibles
 d - 10 rations
 K - 2 chunks of flesh


   Skills:
 - Level 5.0(4.4) Fighting
 - Level 2.0(1.4) Dodging
 - Level 2.0(1.4) Stealth
 - Level 5.0(4.4) Spellcasting
 - Level 4.0(3.4) Conjurations
 + Level 4.4(3.8) Summonings
   Level 0.8(0.3) Translocations
 - Level 2.0(1.4) Transmutations
 - Level 2.0(1.4) Fire Magic
 + Level 3.5(2.9) Air Magic
 - Level 3.0(2.4) Poison Magic


You had one spell level left.
You knew the following spells:

 Your Spells              Type           Power        Failure   Level  Hunger
a - Magic Dart            Conj           ###.         1%          1    None
b - Call Imp              Summ           ###.....     1%          2    #......
c - Mephitic Cloud        Conj/Pois/Air  ###.....     4%          3    ##.....
d - Conjure Flame         Conj/Fire      ###.....     4%          3    ##.....
e - Ignite Poison         Fire/Tmut/Pois ##......     6%          3    ##.....
f - Summon Lightning Spi  Summ/Air       ###.....     11%         4    ####...

Your spell library contained the following spells:

 Spells                   Type           Power        Failure   Level  Hunger
 Sting                    Tmut/Pois      ##..         1%          1    None
 Summon Small Mammal      Summ           ###.         1%          1    None
 Poisonous Vapours        Pois/Air       ###...       2%          2    #......
 Call Canine Familiar     Summ           ###.....     2%          3    ##.....
 Blink                    Tloc           N/A          6%          2    #......
 Slow                     Hex            #.......     6%          2    #......
 Summon Guardian Golem    Hex/Summ       ##......     6%          3    ##.....
 Olgreb's Toxic Radiance  Pois           ###.....     16%         4    ####...
 Summon Ice Beast         Ice/Summ       ##......     19%         4    ####...


Dungeon Overview and Level Annotations

Branches:
Dungeon (7/15)             Temple (0/1) D:7           Sewer (visited)

Altars:
Xom
Yredelemnul

Shops:
D:5 *


Innate Abilities, Weirdness & Mutations

You have sharp fingernails.
You have sharp toenails.
You are partially covered in sharp spines.


Message History

You destroy the wight!
Casting: Ignite Poison (dangerous; 6% risk of failure)
Confirm with . or Enter, or press ? or * to list all spells.
Aiming: Mephitic Cloud (dangerous; 4% risk of failure)
Press: ? - help, Shift-Dir - straight line, p - wight
Okay, then.
The wight is engulfed in blazing flames.
The wight barely misses you.
The orc wizard gestures wildly while chanting.
The orc wizard flickers and vanishes!
Deactivating autopickup; reactivate with Ctrl-A.
The orc priest is engulfed in blazing flames.
You climb upwards.
Reactivating autopickup.
There is a stone staircase leading down here.
Casting: Mephitic Cloud (dangerous; 4% risk of failure)
Confirm with . or Enter, or press ? or * to list all spells.
A beastly little devil appears in a puff of flame.
The ogre hits you with a +0 giant spiked club!!
You die...

#.# #.# #.# ###.#
#...## #######
#.#..####.....#
#.#..#....###.#
#####.#..#[######)#
.()...........>O@.#
#####......##!5##.#
#..#....#..####
##.#....#.....#
#.#..#.#..##.#
#....#....##.#
##...#..#..#.#
##.....#....#
#.###.#.####


You could see an ogre and a friendly crimson imp (summoned).

Vanquished Creatures
  A sky beast (D:6)
  3 ogres
  A phantom (D:6)
  A big kobold (Sewer)
  2 bullfrogs (D:6)
  A gnoll sergeant (D:6)
  A scorpion (D:5)
  3 wights
  A crimson imp (D:6)
  2 jellies (D:6)
  A bullfrog skeleton (D:6)
  3 orc priests
  Crazy Yiuf (D:4)
  2 worker ants
  An iguana (D:6)
  An orc wizard (D:7)
  5 gnolls (D:6)
  A worker ant zombie (D:5)
  7 adders
  A river rat (Sewer)
  3 oozes
  An adder skeleton (D:5)
  2 adder zombies
  A dart slug (D:1)
  A leopard gecko (D:3)
  12 orcs
  7 bats
  A giant cockroach (D:5)
  7 goblins
  3 hobgoblins (D:2)
  3 jackals (D:6)
  19 kobolds
  2 quokkas (D:5)
  4 ball pythons
  6 frilled lizards
  10 rats
  A spectral orc (D:4)
122 creatures vanquished.

Vanquished Creatures (collateral kills)
  Grinder (D:5)
  A phantom (D:4)
  A big kobold (Sewer)
  An orc wizard (D:3)
  4 gnolls (D:2)
  2 adders
  3 river rats (Sewer)
  A shadow imp (D:5)
  An ooze (Sewer)
  2 worms (D:2)
  3 orcs (D:3)
  3 jackals (D:6)
23 creatures vanquished.

Grand Total: 145 creatures vanquished

Notes
Turn   | Place    | Note
-------+----------+-------------------------------------------
     0 | D:1      | wullow the Demonspawn Wizard began the quest for the Orb.
     0 | D:1      | Reached XP level 1. HP: 13/13 MP: 4/4
   422 | D:1      | Gained mutation: You have sharp fingernails. [demonic
                  | ancestry]
   422 | D:1      | Reached XP level 2. HP: 20/20 MP: 3/6
   606 | D:1      | Reached skill level 1 in Fighting
   610 | D:1      | Learned a level 2 spell: Call Imp
  1431 | D:2      | Gained mutation: You are partially covered in sharp spines.
                  | [demonic ancestry]
  1431 | D:2      | Reached XP level 3. HP: 26/26 MP: 5/7
  2504 | D:2      | Reached XP level 4. HP: 32/32 MP: 5/8
  3130 | D:3      | Reached XP level 5. HP: 37/37 MP: 1/10
  3135 | D:3      | Learned a level 3 spell: Mephitic Cloud
  3714 | D:4      | Found a basalt altar of Yredelemnul.
  3931 | D:4      | Found a glowing drain.
  3940 | Sewer    | Entered a sewer
  4115 | Sewer    | Reached skill level 1 in Air Magic
  4115 | Sewer    | Reached skill level 1 in Poison Magic
  4789 | Sewer    | Reached XP level 6. HP: 30/44 MP: 0/12
  5239 | D:4      | Found a runed translucent door.
  5240 | D:4      | Noticed Crazy Yiuf
  5682 | D:4      | Killed Crazy Yiuf
  5766 | D:5      | Entered Level 5 of the Dungeon
  5971 | D:5      | Noticed Grinder
  5991 | D:5      | Killed Grinder
  5991 | D:5      | Reached XP level 7. HP: 46/52 MP: 3/13
  6560 | D:5      | Found a shimmering altar of Xom.
  6573 | D:5      | Learned a level 3 spell: Conjure Flame
  6850 | D:5      | Reached skill level 1 in Fire Magic
  6981 | D:5      | Found Auff's Alliterative Accessories.
  7710 | D:6      | Gained mutation: You have sharp toenails. [demonic
                  | ancestry]
  7710 | D:6      | Reached XP level 8. HP: 61/61 MP: 6/14
  7805 | D:6      | Learned a level 3 spell: Ignite Poison
  7994 | D:6      | Reached skill level 1 in Transmutations
  8160 | D:6      | Reached skill level 5 in Fighting
  8333 | D:6      | Learned a level 4 spell: Summon Lightning Spire
  8627 | D:6      | Noticed a nameless horror
  8760 | D:7      | Reached skill level 5 in Spellcasting
  9485 | D:7      | Found a staircase to the Ecumenical Temple.
  9624 | D:6      | Slain by an ogre

Illustrated notes

Levels and vault maps discovered:
D:1:      dpeg_arrival_subterranean_lakeside_camping, layout_basic,
          hangedman_decor_clover_reticule, minmay_hedge_maze
D:2:      layout_basic
D:3:      layout_rooms, first_ration, grunt_decor_mini_mirrors
D:4:      layout_rooms, yredelemnul_forgotten_temple_becter,
          portal_sewer_entry_d, solitary_fountain, uniq_crazy_yiuf_cottage
D:5:      kennysheep_spiral_hall, layout_cave_pods, basic_altar,
          minmay_door_square, nicolae_alphabet_shops, uniq_grinder
D:6:      layout_basic, hangedman_decor_lopped, minmay_misc_feat_columns,
          hangedman_abyss_or_decor_stabs
D:7:      layout_gridville, minmay_temple_entry_glassed_door,
          hangedman_abyss_or_decor_lesser_grid

Skill      XL: |  1  2  3  4  5  6  7  8 |
---------------+-------------------------+-----
Conjurations   | 2 3 4 |  4.0
Fighting       | 1 2 3 4 5 |  5.0
Summonings     | 2 3 4 |  4.4
Air Magic      | 1 2 3 |  3.5
Poison Magic   | 1 3 |  3.0
Spellcasting   | 4 5 |  5.0
Stealth        | 2 |  2.0
Fire Magic     | 2 |  2.0
Dodging        | 2 |  2.0
Transmutations | 2 |  2.0
Translocations | |  0.8

Action                   |  1- 3 |  4- 6 |  7- 9 || total
-------------------------+-------+-------+-------++-------
Melee: Unarmed           |     7 |       |       ||     7
       Dagger            |    10 |    29 |    73 ||   112
       Kick              |       |       |     3 ||     3
 Cast: Magic Dart        |    82 |   124 |   123 ||   329
       Call Imp          |    12 |    28 |    26 ||    66
       Mephitic Cloud    |       |       |    18 ||    18
       Ignite Poison     |       |       |     8 ||     8
       Conjure Flame     |       |       |     6 ||     6
  Use: Scroll            |       |     5 |     7 ||    12
       Potion            |       |     3 |     1 ||     4
 Stab: Distracted        |       |     1 |     1 ||     2
  Eat: Chunk             |     5 |     8 |    13 ||    26
       Ration            |       |     1 |       ||     1
Armor: Robe              |     8 |     9 |    11 ||    28
Dodge: Dodged            |    35 |    38 |    76 ||   149
